AoeStats
← Juyhou

Nomad

509890259Analyzed
4v4 RM · 4d ago on Sep 28, 2026· 35m 36s· 8 players
Game mode
Random Map
Map size
231×231
Population
200
Speed
Normal
Resources
Standard
Victory
Conquest
Starting age
Dark Age
Ending age
Imperial Age
RankedLock teamsTeams togetherTeam positionsShared explorationLock speedFull tech treeHidden civsTurbo modeCheats
Victory
Defeat
🇫🇮 Italians · Finland
2105
+7
🇫🇮 Varangians · Finland
1941
+12
🇫🇮 Saxons · Finland
1895
+14
🇫🇮 Mapuche · Finland
1631
+25
🇹🇼 Varangians · Taiwan
1901
-16
🇹🇼 Saxons · Taiwan
1898
-16
🇹🇼 Saxons · Taiwan
1896
-16
🇹🇼 Berbers · Taiwan
1734
-10
GKT_Cloud
11:37 Loom
13:59 Feudal Age
17:41 Castle Age
16:02 Double-Bit Axe
15:58 Fishing Lines
17:24 Town Watch
18:11 Fletching
18:54 Bow Saw
18:36 Gillnets
21:27 Horse Collar
24:16 Wheelbarrow
24:03 Stone Mining
24:57 Bodkin Arrow
33:06 Imperial Age
31:42 Forging
31:33 Scale Mail Armor
32:51 Ballistics
33:52 Bracer
DYS.K
5:41 Loom
14:34 Feudal Age
15:33 Fishing Lines
18:14 Castle Age
16:25 Double-Bit Axe
19:12 Bow Saw
20:19 Gillnets
22:00 Stone Mining
22:34 Horse Collar
30:42 Imperial Age
28:22 Scale Barding Armor
31:06 Imperial Age
29:09 Fletching
29:57 Bodkin Arrow
31:09 Padded Archer Armor
31:32 Ballistics
31:51 Bracer
32:40 Elite Camel Archer
34:36 Chemistry
34:17 Leather Archer Armor
35:28 Kasbah
[LuB]a61
11:45 Feudal Age
12:19 Double-Bit Axe
16:07 Loom
21:38 Castle Age
20:23 Horse Collar
21:37 Fletching
23:58 Bodkin Arrow
DemonSheep
13:48 Feudal Age
12:42 Loom
14:34 Town Watch
17:33 Castle Age
16:13 Double-Bit Axe
16:10 Fishing Lines
17:09 Fletching
17:15 Gold Mining
18:10 Scale Barding Armor
18:15 Forging
18:22 Light Cavalry
19:24 Loom
22:47 Bodkin Arrow
22:56 Gillnets
25:36 Sanctity
26:23 Wheelbarrow
26:07 Husbandry
31:01 Imperial Age
29:48 Ballistics
29:45 Horse Collar
31:05 Thumb Ring
31:54 Bracer
34:15 Cranequins
35:37 Bow Saw
36:29 Chemistry
Shyles
14:01 Feudal Age
13:58 Loom
15:17 Fishing Lines
17:42 Castle Age
16:39 Double-Bit Axe
19:36 Forging
19:52 Fletching
23:06 Horse Collar
26:14 Medium Warships
28:03 Wheelbarrow
36:05 Hand Cart
Villese
11:05 Feudal Age
11:33 Double-Bit Axe
15:32 Fletching
15:39 Loom
20:23 Castle Age
19:08 Gold Mining
19:43 Forging
20:50 Fishing Lines
21:16 Bodkin Arrow
21:32 Bow Saw
22:26 Medium Warships
22:05 Town Watch
24:12 Wheelbarrow
25:32 Gillnets
26:34 Ballistics
31:20 Clinker Construction
34:10 Imperial Age
32:39 Caravan
32:59 Stone Mining
33:47 Careening
34:54 Bracer
35:23 Heavy Warships
36:04 Chemistry
36:01 Hand Cart
Juyhou
13:47 Feudal Age
13:34 Loom
14:34 Town Watch
15:02 Double-Bit Axe
17:37 Castle Age
15:27 Fishing Lines
18:29 Bow Saw
18:30 Gillnets
21:26 Scale Mail Armor
22:48 Medium Warships
23:19 Gold Mining
24:13 Chain Mail Armor
24:54 Wheelbarrow
24:45 Squires
26:16 Forging
30:48 Iron Casting
29:59 Arson
30:14 Stone Mining
34:30 Imperial Age
33:23 Fletching
35:12 Ballistics
34:48 Bodkin Arrow
35:48 Conscription
Tomppa
4:52 Loom
13:51 Feudal Age
17:31 Castle Age
15:21 Double-Bit Axe
16:21 Fishing Lines
18:25 Bow Saw
18:14 Gillnets
18:28 Gold Mining
19:47 Wheelbarrow
22:31 Scale Barding Armor
23:08 Horse Collar
24:10 Chain Barding Armor
25:15 Hand Cart
25:17 Bloodlines
26:19 Forging
27:52 Iron Casting
28:43 Heavy Plow
29:48 Iron Casting
35:15 Imperial Age
32:31 Town Watch
32:58 Scale Mail Armor
34:09 Chain Mail Armor
34:25 Squires
34:10 Arson
34:11 Gambesons
34:29 Stone Mining
35:26 Gothikon
36:42 Plate Mail Armor
Connection lost

Rejoining the realm…

Still unreachable

The connection could not be restored.

Session expired

The server has moved on; the page needs a fresh start.